 Dungeon Crawl Stone Soup version 0.26.1-2-gb8aa6d0cf2 (webtiles) character file.

Game seed: 7160319387916199766

12166 Gadfly the Basher (level 11, 0/68 HPs)
             Began as a Gargoyle Fighter on Feb 17, 2021.
             Was a Priest of the Shining One.
             Incinerated by a smoke demon (8 damage)
             ... with a sticky flame
             ... on level 1 of the Abyss.
             The game lasted 00:19:35 (11469 turns).

Gadfly the Basher (Gargoyle Fighter)               Turns: 11469, Time: 00:19:35

Health: 0/68       AC: 33    Str: 22 (23) XL:     11   Next: 89%
Magic:  17/17      EV:  9    Int:  9      God:    the Shining One [***...]
Gold:   337        SH: 16    Dex:  9      Spells: 8/10 levels left

rFire    . . .     SeeInvis .   a - +3 flail (protect)
rCold    + . .     Faith    .   c - +0 kite shield
rNeg     + + .     Spirit   .   t - +0 plate armour {rC+}
rPois    ∞         Reflect  +   (helmet restricted)
rElec    +         Harm     .   e - +0 cloak
rCorr    .         Rampage  .   s - +1 pair of gloves
Will     +....                  A - +1 pair of boots
Stlth    ..........             H - amulet of reflection
HPRegen  0.21/turn              p - +4 ring of evasion
MPRegen  0.15/turn              v - +4 ring of protection

@: liquid flames, glowing
A: horns 1, thin metallic scales 1, strong-willed 1, negative energy resistance
1, sense surroundings 1, electricity resistance, unbreathing, petrification
resistance, miasma immunity, [subdued magic 2], MP-powered wands, AC +8
a: Renounce Religion, Divine Shield


You were on level 1 of the Abyss.
You worshipped the Shining One.
The Shining One was most pleased with you.
You visited 1 branch of the dungeon, and saw 10 of its levels.
You visited the Abyss 1 time.

You collected 651 gold pieces.
You spent 314 gold pieces at shops.

Inventory:

Hand Weapons
 a - a +3 flail of protection (weapon)
 b - a +1 dagger of venom
 E - a +5 flail
 I - a +1 hand axe of flaming
 J - a +2 flail of holy wrath
Armour
 c - a +0 kite shield (worn)
 e - a +0 cloak (worn)
 s - a +1 pair of gloves (worn)
 t - a +0 plate armour of cold resistance (worn)
 A - a +1 pair of boots (worn)
Jewellery
 o - an uncursed ring of willpower
 p - a +4 ring of evasion (left hand)
 u - an uncursed ring of protection from fire
 v - a +4 ring of protection (right hand)
 H - an amulet of reflection (around neck)
Wands
 i - a wand of flame (16)
 w - a wand of paralysis (1) (quivered)
 x - a wand of digging (4)
 z - a wand of enslavement (9)
 D - a wand of disintegration (11)
 M - a wand of polymorph (7)
Scrolls
 g - 5 scrolls of fear
 k - a scroll of enchant weapon
 m - 3 scrolls of remove curse
 n - a scroll of blinking
 r - 3 scrolls of identify
 y - a scroll of fog
 F - a scroll of enchant armour
 L - 2 scrolls of magic mapping
Potions
 d - a potion of might
 f - 3 potions of heal wounds
 h - 3 potions of attraction
 j - 8 potions of curing
 l - 3 potions of mutation
 q - 3 potions of haste
 B - a potion of flight
 C - a potion of ambrosia
 G - 4 potions of lignification


   Skills:
 + Level 7.7 Fighting
 * Level 9.4 Maces & Flails
 + Level 7.8 Armour
 + Level 7.8 Shields
 + Level 8.5 Invocations
 * Level 8.3 Evocations


You had 8 spell levels left.
You knew the following spells:

 Your Spells              Type           Power        Failure   Level
a - Wereblood             Tmut           0%           100%        2

Your spell library contained the following spells:

 Spells                   Type           Power        Failure   Level
 Beastly Appendage        Tmut           0%           100%        1
 Corona                   Hex            0%           100%        1
 Ensorcelled Hibernation  Hex/Ice        0%           100%        2
 Slow                     Hex            0%           100%        2
 Dazzling Flash           Conj/Hex       0%           100%        3
 Inner Flame              Hex/Fire       0%           100%        3
 Portal Projectile        Hex/Tloc       0%           100%        3
 Spider Form              Tmut/Pois      0%           100%        3
 Cause Fear               Hex            0%           100%        4
 Ice Form                 Ice/Tmut       0%           100%        4
 Leda's Liquefaction      Hex/Erth       0%           100%        4
 Blade Hands              Tmut           0%           100%        5
 Summon Mana Viper        Hex/Summ       0%           100%        5
 Statue Form              Tmut/Erth      Unusable     N/A         6

Dungeon Overview and Level Annotations

Branches:
Dungeon (10/15)            Temple (0/1) D:7            Lair (0/6) D:10
    Orc (0/2) D:10

Altars:
Ashenzari
Elyvilon
Fedhas
Nemelex Xobeh
Ru
Xom
Yredelemnul
Zin
The Shining One

Shops:
D:4 *=   D:5 }   D:7 !   D:10 *

Annotations:
D:10 Sonja


Innate Abilities, Weirdness & Mutations

You are resistant to torment.
Your stone body is resilient. (AC +8)
You are immune to poison.
You resist negative energy. (rN+)
You are resistant to electric shocks. (rElec)
You can survive without breathing.
You are immune to petrification.
You are immune to miasma.
You have a pair of small horns on your head.
You are partially covered in thin metallic scales. (AC +2)
You are strong-willed. (Will+)
You passively map a small area around you.
You expend magic power (3 MP) to strengthen your wands.
[Your spells are easier to cast, but less powerful.]


Message History

The air elemental misses you.
The air elemental hits you but does no damage.
You are covered in liquid flames!
The air elemental hits you but does no damage.
You block the air elemental's attack.
You are covered in liquid flames!
* * * LOW HITPOINT WARNING * * *
You block the air elemental's attack.
A chaos spawn comes into view.
You are covered in liquid flames!
* * * LOW HITPOINT WARNING * * *
The chaos spawn bleats!
You hear a roar!
You hear a shout!
The air elemental hits you but does no damage.
You block the air elemental's attack.
You hear a shout!
You are covered in liquid flames!
* * * LOW HITPOINT WARNING * * *
The air elemental barely misses you. You block the air elemental's attack.
You are covered in liquid flames!
You die...

# .. ..#. #..
#..##..# . # . .
..#..##..## .# ..##..
##. ............
..... .... . .
.....................
.
..#..##..##..##..##..
. .
...........D5..... ..
. .............. .
.... ........##.5....
#... # #@.##..# ..# .
..#..##..##..##..#
..4.....E35........
...................
..#..##..##..##..##.
.......#.....# ....
..#[..###...## ..# .
##.# #.## # # . ##.


You could see a smoke demon, an air elemental and an ufetubus (summoned).

Vanquished Creatures
  An orc warlord (D:8)
  An unseen horror (D:10)
  An orc knight (D:9)
  Joseph (D:10)
  An orange demon (Abyss:1)
  Maggie (D:8)
  A troll (D:10)
  Sigmund (D:4)
  Edmund (D:5)
  17 wargs
  3 phantoms
  9 orc warriors
  4 ice beasts
  7 ogres
  7 big kobolds
  7 bullfrogs
  A small abomination (Abyss:1)
  3 gnoll sergeants (D:10)
  A water moccasin zombie (D:5)
  A wyvern skeleton (D:9)
  A wyvern zombie (D:3)
  A water moccasin skeleton (D:10)
  4 scorpions
  19 killer bees
  13 wights
  2 howler monkeys
  A bullfrog zombie (D:8)
  7 hounds
  2 jellies
  6 orc priests
  Crazy Yiuf (D:7)
  A gnoll shaman (D:5)
  3 bullfrog skeletons
  A centaur skeleton (D:6)
  Jessica (D:2)
  Natasha (thrice) (D:4)
  4 iguanas
  6 orc wizards
  5 worker ants
  A hound skeleton (D:5)
  A howler monkey zombie (D:6)
  A worker ant zombie (D:9)
  9 adders
  13 gnolls
  A shadow imp (D:5)
  8 white imps
  An ufetubus (D:6)
  An ooze (D:5)
  A worm (D:3)
  A dart slug (D:3)
  5 leopard geckos
  53 orcs
  8 giant cockroaches
  11 goblins
  3 hobgoblins
  14 jackals
  15 kobolds
  5 quokkas
  4 bats
  7 frilled lizards
  A quokka zombie (D:8)
  5 rats
319 creatures vanquished.

Vanquished Creatures (others)
  An orc (D:9)
  5 plants
6 creatures vanquished.

Grand Total: 325 creatures vanquished

Notes
Turn   | Place    | Note
-------+----------+-------------------------------------------
     0 | D:1      | Gadfly the Gargoyle Fighter began the quest for the Orb.
     0 | D:1      | Reached XP level 1. HP: 14/14 MP: 1/1
   197 | D:1      | Reached XP level 2. HP: 19/19 MP: 2/2
   539 | D:2      | Noticed Jessica
   549 | D:2      | Killed Jessica
   550 | D:2      | Reached skill level 1 in Invocations
   550 | D:2      | Reached skill level 1 in Evocations
   550 | D:2      | Reached XP level 3. HP: 23/23 MP: 3/3
   867 | D:2      | Reached XP level 4. HP: 28/28 MP: 5/5
  1456 | D:3      | Reached skill level 3 in Maces & Flails
  1456 | D:3      | Reached XP level 5. HP: 12/33 MP: 6/6
  1946 | D:3      | Found a basalt altar of Yredelemnul.
  1947 | D:3      | Found a blossoming altar of Fedhas.
  2296 | D:4      | Found Ogicloole's General Store.
  2307 | D:4      | Bought a scroll of blinking for 90 gold pieces
  2308 | D:4      | Found Exetiray's Jewellery Shoppe.
  2351 | D:4      | Noticed Natasha
  2369 | D:4      | Killed Natasha
  2370 | D:4      | Reached XP level 6. HP: 9/38 MP: 7/7
  2506 | D:4      | Noticed Natasha
  2514 | D:4      | Killed Natasha
  2521 | D:4      | Noticed Natasha
  2535 | D:4      | Killed Natasha
  2727 | D:4      | Learned a level 2 spell: Wereblood
  2879 | D:4      | Noticed a phantom
  2920 | D:4      | Killed a phantom
  2960 | D:4      | Noticed Sigmund
  2992 | D:4      | Killed Sigmund
  2993 | D:4      | Reached skill level 4 in Maces & Flails
  2993 | D:4      | Reached XP level 7. HP: 38/43 MP: 9/9
  3363 | D:5      | Entered Level 5 of the Dungeon
  3579 | D:5      | Found Bafi's Gadget Boutique.
  3801 | D:5      | Reached XP level 8. HP: 29/48 MP: 11/11
  4024 | D:5      | Noticed Edmund
  4045 | D:5      | Killed Edmund
  4289 | D:5      | Reached skill level 5 in Maces & Flails
  4422 | D:5      | Found a sparkling altar of Nemelex Xobeh.
  4726 | D:5      | Reached skill level 5 in Invocations
  5204 | D:5      | Reached skill level 5 in Fighting
  5204 | D:5      | Reached skill level 5 in Armour
  5204 | D:5      | Reached skill level 5 in Shields
  5359 | D:6      | Reached XP level 9. HP: 39/54 MP: 13/13
  5444 | D:6      | Identified Utyis's Handbook of Earthen Malediction
  5839 | D:6      | Reached skill level 6 in Maces & Flails
  5883 | D:6      | Found a glowing golden altar of the Shining One.
  5928 | D:6      | Became a worshipper of the Shining One
  5975 | D:7      | Reached skill level 5 in Evocations
  6042 | D:7      | Found a staircase to the Ecumenical Temple.
  6659 | D:7      | Found Yvozyarai's Distillery.
  6662 | D:7      | Bought a potion of ambrosia for 112 gold pieces
  7218 | D:7      | Reached XP level 10. HP: 56/60 MP: 15/15
  7294 | D:7      | Found a runed translucent door.
  7295 | D:7      | Noticed Crazy Yiuf
  7305 | D:7      | Killed Crazy Yiuf
  7306 | D:7      | Reached skill level 7 in Maces & Flails
  7312 | D:7      | Gained mutation: You are strong-willed. (Will+) [potion of
                  | mutation]
  7312 | D:7      | Gained mutation: You are partially covered in thin metallic
                  | scales. (AC +2) [potion of mutation]
  7312 | D:7      | Gained mutation: Your mind is acute. (Int +2) [potion of
                  | mutation]
  7313 | D:7      | Lost mutation: You are strong-willed. (Will+) [potion of
                  | mutation]
  7313 | D:7      | Lost mutation: Your mind is acute. (Int +2) [potion of
                  | mutation]
  7313 | D:7      | Gained mutation: You expend magic power (3 MP) to
                  | strengthen your wands. [potion of mutation]
  7313 | D:7      | Gained mutation: You have a pair of small horns on your
                  | head. [potion of mutation]
  7313 | D:7      | Gained mutation: You are strong-willed. (Will+) [potion of
                  | mutation]
  7313 | D:7      | Gained mutation: You passively map a small area around you.
                  | [potion of mutation]
  7382 | D:8      | Reached * piety under the Shining One
  7420 | D:8      | Noticed Maggie
  7445 | D:8      | Killed Maggie
  7642 | D:8      | Found a sacrificial altar of Ru.
  7642 | D:8      | Found a broken altar of Ashenzari.
  7775 | D:8      | Found a white marble altar of Elyvilon.
  8237 | D:9      | Reached ** piety under the Shining One
  8676 | D:9      | Reached skill level 8 in Maces & Flails
  8895 | D:9      | Noticed an orc knight
  8959 | D:9      | Killed an orc knight
  8960 | D:9      | Reached XP level 11. HP: 45/66 MP: 16/16
  9154 | D:9      | Noticed an orc warlord
  9418 | D:8      | Killed an orc warlord
 10131 | D:9      | Found a glowing silver altar of Zin.
 10133 | D:9      | Noticed an angel
 10139 | D:9      | Found a shimmering altar of Xom.
 10316 | D:10     | Entered Level 10 of the Dungeon
 10433 | D:10     | Noticed Joseph
 10439 | D:10     | Reached skill level 9 in Maces & Flails
 10449 | D:10     | Killed Joseph
 10602 | D:10     | Found a staircase to the Orcish Mines.
 10612 | D:10     | Found a staircase to the Lair.
 10700 | D:10     | Reached *** piety under the Shining One
 10734 | D:10     | Noticed an unseen horror
 10743 | D:10     | Killed an unseen horror
 10936 | D:10     | Found Zuhaa's Changing Room.
 10947 | D:10     | Bought a potion of mutation for 112 gold pieces
 10992 | D:10     | Noticed Sonja
 11013 | D:10     | Cast into level 1 of the Abyss (Sonja)
 11019 | Abyss:1  | Found a corrupted altar of Lugonu.
 11021 | Abyss:1  | Noticed an eidolon
 11268 | Abyss:1  | Noticed a wretched star
 11293 | Abyss:1  | Noticed a wretched star
 11298 | Abyss:1  | Noticed a thrashing horror
 11386 | Abyss:1  | Noticed a thrashing horror
 11434 | Abyss:1  | Noticed a bone dragon
 11469 | Abyss:1  | Incinerated by a smoke demon

Illustrated notes

Levels and vault maps discovered:
D:1:      dpeg_arrival_rooms_a, layout_rooms, due_unseen_surprise
D:2:      layout_rooms, uniq_jessica
D:3:      layout_rooms, gammafunk_temple_overflow_statue
D:4:      layout_cave_pods, serial_shops, shop, kennysheep_mini, uniq_sigmund,
          uniq_natasha
D:5:      layout_layer_cave, kennysheep_little_box, serial_shops, shop,
          uniq_edmund
D:6:      layout_cave_pools, tso_oasis_becter
D:7:      layout_loops_corners, minmay_temple_entry_sparse_star, serial_shops,
          kennysheep_mini_moat, uniq_crazy_yiuf_cottage
D:8:      layout_basic, gammafunk_temple_overflow_wave, elyvilon_altar_4,
          uniq_maggie
D:9:      lemuel_castle_with_subvaults [lemuel_castle_interior_carwin_1],
          layout_irregular_city, grunt_temple_overflow_order_and_chaos_1,
          grunt_ministairs_9
D:10:     layout_stronghold, erik_lair_orcish_takeover,
          kennysheep_orc_monster_closet_entryway, nicolae_transmutations_shop,
          uniq_sonja, uniq_joseph, uniq_harold, uniq_snorg
Abyss:1:  base:
D:1

Skill      XL: |  1  2  3  4  5  6  7  8  9 10 11 |
---------------+----------------------------------+-----
Invocations    | 1 2 3 4 5 6 7 8 |  8.5
Evocations     | 1 2 3 4 5 7 8 |  8.3
Maces & Flails | 3 4 5 6 8 9 |  9.4
Fighting       | 4 5 6 7 |  7.7
Armour         | 4 5 6 7 |  7.8
Shields        | 4 5 7 |  7.8

Action                   |  1- 3 |  4- 6 |  7- 9 | 10-12 || total
-------------------------+-------+-------+-------+-------++-------
Melee: Flail             |    88 |   148 |   230 |   659 ||  1125
       Dagger            |       |    68 |   275 |    64 ||   407
       Headbutt          |       |       |       |   113 ||   113
Evoke: Wand              |       |       |       |     2 ||     2
  Use: Scroll            |     5 |     5 |     8 |     6 ||    24
       Potion            |       |     1 |     1 |     6 ||     8
Armor: Scale mail        |    36 |       |       |       ||    36
       Chain mail        |    18 |   141 |   147 |       ||   306
       Plate armour      |       |       |   183 |   399 ||   582
Dodge: Dodged            |    24 |    67 |   194 |   230 ||   515
Block: Kite shield       |    44 |   108 |   327 |   712 ||  1191
       Reflection        |       |       |       |    11 ||    11
